 Dungeon Crawl Stone Soup version 0.17.0-23-g0de4337 (webtiles) character file.

462 timbw the Chopper (level 6, -1/55 HPs)
             Began as a Deep Dwarf Fighter on Nov 13, 2015.
             Slain by an ogre
             ... wielding a +0 giant club
              (19 damage)
             ... on level 4 of the Dungeon.
             The game lasted 00:04:16 (842 turns).

timbw the Chopper (Deep Dwarf Fighter)               Turns: 842, Time: 00:04:16

Health: -1/55      AC:  7    Str: 26    XL:     6   Next: 79%
Magic:  6/6        EV: 13    Int:  9    God:
Gold:   66         SH:  0    Dex: 14    Spells: 0 memorised, 5 levels left

rFire  + . .     SeeInvis .     r - +1 war axe (pain)
rCold  . . .     Clarity  .     h - +2 ring mail {rF+}
rNeg   . . .     SustAt   .     (no shield)
rPois  .         Gourm    .     (no helmet)
rElec  .         Spirit   .     (no cloak)
rCorr  .         Warding  .     (no gloves)
rMut   .         Stasis   .     (no boots)
MR     +....                    (no amulet)
Stlth  +.........               j - ring of protection from magic
                                u - +2 ring of strength

@: mighty, lethally poisoned (-1 -> -1), non-regenerating, somewhat resistant to
hostile enchantments, very unstealthy
A: damage resistance, recharge devices, sense surroundings 1, slow regeneration
3
a: Device Recharging


You were on level 4 of the Dungeon.
You were not hungry.

You visited 1 branch of the dungeon, and saw 4 of its levels.

You collected 66 gold pieces.

Inventory:

Hand Weapons
 a - a +0 war axe
 r - a +1 war axe of pain (weapon)
Armour
 b - a +0 scale mail
 h - a +2 ring mail of fire resistance (worn)
Jewellery
 i - an uncursed ring of ice
 j - a ring of protection from magic (right hand)
 u - a +2 ring of strength (left hand)
Wands
 e - a wand of heal wounds (2)
 q - a wand of magic darts (41)
Scrolls
 c - a scroll of blinking {unknown}
 o - 2 scrolls of remove curse {unknown}
 t - a scroll of immolation {unknown}
Potions
 g - 3 potions of curing {unknown}
 k - a potion of poison {unknown}
 n - 2 potions of ambrosia
 s - 2 potions of cancellation
Comestibles
 f - 4 bread rations
 p - 2 slices of pizza


   Skills:
 - Level 2.6 Fighting
 * Level 6.9 Axes
 - Level 3.2 Armour
 + Level 4.0 Dodging
   Level 3.2 Shields


You had 5 spell levels left.
You didn't know any spells.

Dungeon Overview and Level Annotations

Branches:
Dungeon (4/15)
 Temple: D:4-7

Altars:
Kikubaaqudgha
Okawaru
Xom


Innate Abilities, Weirdness & Mutations

You are resistant to damage.
You can recharge devices by infusing magical energy.
You passively map a small area around you.
You do not regenerate naturally.


Message History

You hit the ogre.
The ogre is lightly wounded.
You closely miss the adder. The adder bites you.
You are poisoned.
The adder poisons you! The ogre hits you with a giant club.
You hit the ogre.
The ogre is moderately wounded.
You miss the adder. The adder bites you. The ogre barely misses you.
The adder bites you but does no damage.
You slash the ogre!
The ogre is severely wounded.
You slash the adder!
The adder is almost dead.
The adder bites you but does no damage. The ogre hits you with a giant club!!
You hit the ogre.
The ogre is almost dead.
You slash the adder!
You kill the adder!
The ogre hits you with a giant club!!
You die...

#......# , ,
#......#*.##...........
##......##.##...........
...........##...........
........#..##...........
......#.#..##......... *
..#........##....O...##.
#.#..#...#..+...†O#.....
.....#...#.##...@....# *
.....#......#........#
##..........#........#
......##.##.#...........
,
......#...#†..###....###
..............# ...... ,
.##....._....##**#..####
.##............., ..#* *
* .##...#...#..........
*


You could see 2 ogres.

Vanquished Creatures
  Sigmund (D:4)
  3 vampire bats (D:3)
  An orc priest (D:3)
  7 adders
  5 gnolls
  3 worms
  2 giant geckos
  5 orcs
  2 bat skeletons (D:3)
  2 bat zombies (D:3)
  A hobgoblin (D:3)
  6 jackals
  2 bats
  A giant gecko skeleton (D:4)
  A giant newt (D:4)
  3 goblins (D:3)
  A jackal skeleton (D:3)
  3 kobolds
  2 rats (D:2)
51 creatures vanquished.

Notes
Turn   | Place    | Note
--------------------------------------------------------------
     0 | D:1      | timbw the Deep Dwarf Fighter began the quest for the Orb.
     0 | D:1      | Reached XP level 1. HP: 20/20 MP: 1/1
   173 | D:2      | Reached skill level 1 in Dodging
   173 | D:2      | Reached XP level 2. HP: 13/27 MP: 2/2
   271 | D:2      | Reached XP level 3. HP: 15/33 MP: 3/3
   376 | D:2      | Reached skill level 4 in Axes
   400 | D:2      | Reached XP level 4. HP: 32/40 MP: 4/4
   415 | D:2      | Found a shimmering altar of Xom.
   556 | D:3      | Reached skill level 5 in Axes
   562 | D:3      | Reached XP level 5. HP: 18/46 MP: 5/5
   651 | D:3      | Found an ancient bone altar of Kikubaaqudgha.
   706 | D:4      | Reached skill level 6 in Axes
   706 | D:4      | Reached XP level 6. HP: 37/55 MP: 6/6
   749 | D:4      | Noticed Sigmund
   769 | D:4      | Killed Sigmund
   810 | D:4      | Found an iron altar of Okawaru.
   833 | D:4      | Noticed an ogre
   838 | D:4      | Noticed an ogre
   842 | D:4      | Slain by an ogre

Action                   |  1- 3 |  4- 6 || total
-------------------------+-------+-------++-------
Melee: War axe           |    61 |   118 ||   179
Evoke: Wand              |     1 |     2 ||     3
  Use: Scroll            |       |     3 ||     3
       Potion            |       |     2 ||     2
